 Dungeon Crawl Stone Soup version 0.18.1-6-gd335043 (webtiles) character file.

175309 M4edhros the Black Belt (level 17, -15/204 HPs)
             Began as an Octopode Necromancer on May 20, 2016.
             Was an Elder of Cheibriados.
             Demolished by a merfolk
             ... wielding a +1 trident of distortion
              (18 damage)
             ... on level 4 of the Shoals.
             The game lasted 01:44:16 (14405 turns).

M4edhros the Black Belt (Octopode Necromancer)     Turns: 14405, Time: 01:44:16

Health: -15/204    AC:  5    Str: 22    XL:     17   Next: 80%
Magic:  0/51       EV: 32    Int: 29    God:    Cheibriados [****..]
Gold:   632        SH:  8    Dex: 28    Spells: 12 memorised, 2 levels left

rFire  + + .     SeeInvis +       - Unarmed
rCold  + . .     Gourm    .     l - +1 buckler
rNeg   . . .     Faith    .     B - +2 hat "Gurghi Vipt" {rF++ MP+9 Str-3 Stlth+}
rPois  +         Spirit   +     F - amulet of guardian spirit (curse)
rElec  .         Dismiss  .     k - +2 ring of evasion
rCorr  .         Reflect  .     e - +3 ring of strength
SustAt .         Harm     .     s - ring of magical power
MR     +....     Rnd*Rage +     v - ring of poison resistance
Stlth  ..........               i - ring of wizardry
                                P - ring of protection from cold
                                q - +4 ring of slaying
                                t - +2 ring of protection

@: berserking, very slow, somewhat resistant to hostile enchantments, extremely
unstealthy
A: almost no armour, amphibious, 8 rings, constrict 8, camouflage 1, see
invisible, berserk 1, high mp 2, regeneration 1, robust 1, gelatinous body 1,
subdued magic 2
a: Bend Time, Temporal Distortion, Slouch, Renounce Religion
}: 1/15 runes: gossamer


You were on level 4 of the Shoals.
You worshipped Cheibriados.
Cheibriados was greatly pleased with you.
You were hungry.

You visited 6 branches of the dungeon, and saw 34 of its levels.
You also visited: Labyrinth.

You collected 1872 gold pieces.
You spent 1240 gold pieces at shops.

Inventory:

Hand Weapons
 p - a +0 blowgun
Missiles
 a - 7 curare-tipped needles
Armour
 l - a +1 buckler (worn)
 B - the +2 hat "Gurghi Vipt" (worn) {rF++ MP+9 Str-3 Stlth+}
   (You acquired it on level 2 of the Lair of Beasts)

   It affects your strength (-3).
   It greatly protects you from fire.
   It affects your magic capacity (+9).
   It makes you more stealthy.
Rods
 V - a +9 lightning rod (11/11)
   (You found it in a labyrinth)
Jewellery
 e - a +3 ring of strength (right tentacle)
 g - an uncursed ring of magical power
 i - a ring of wizardry (on tentacle)
 k - a +2 ring of evasion (left tentacle)
 q - a +4 ring of slaying (on tentacle)
 s - a ring of magical power (on tentacle)
 t - a +2 ring of protection (on tentacle)
 v - a ring of poison resistance (on tentacle)
 z - an uncursed amulet of regeneration
 F - a cursed amulet of guardian spirit (around mantle)
 P - a ring of protection from cold (on tentacle)
Wands
 c - a wand of digging (6/24)
 E - a wand of confusion (17/48)
 L - a wand of acid (1/15)
 U - a wand of paralysis (1/24)
Scrolls
 j - 10 scrolls of teleportation
 o - a scroll of blinking
 u - 2 scrolls of fear
 w - 3 scrolls of fog
 y - a scroll of magic mapping
 G - 4 scrolls of immolation {unknown}
 O - a scroll of holy word
 Y - 2 scrolls of brand weapon
Potions
 d - 5 potions of curing
 h - a potion of agility
 m - a potion of brilliance
 r - 3 potions of magic
 D - 2 potions of resistance
 I - a potion of might
 R - 2 potions of lignification
 T - 2 potions of ambrosia
 Z - 4 potions of heal wounds
Comestibles
 b - 8 bread rations
 f - 8 meat rations
 n - 3 chunks of flesh
 K - 5 slices of pizza
 N - 26 fruits
 S - a royal jelly


   Skills:
 - Level 13.7 Fighting
 + Level 14.9 Dodging
 - Level 2.6 Stealth
 - Level 6.2 Shields
 - Level 17.7 Unarmed Combat
 - Level 7.5 Spellcasting
 * Level 4.6 Summonings
 - Level 4.0 Necromancy
 * Level 4.3 Translocations
 - Level 5.7 Invocations
 + Level 9.8 Evocations


You had 2 spell levels left.
You knew the following spells:

 Your Spells              Type           Power        Failure   Level  Hunger
a - Pain                  Necr           ###.         1%          1    None
b - Animate Skeleton      Necr           N/A          1%          1    None
c - Animate Dead          Necr           N/A          3%          4    ##.....
d - Apportation           Tloc           ###.......   1%          1    None
e - Shroud of Golubria    Chrm/Tloc      ##........   1%          2    None
f - Infusion              Chrm           #...         1%          1    None
g - Song of Slaying       Chrm           #.......     2%          2    None
h - Mephitic Cloud        Conj/Pois/Air  #.......     4%          3    None
i - Repel Missiles        Chrm/Air       #.....       2%          2    None
j - Passage of Golubria   Tloc           N/A          2%          4    ##.....
k - Summon Forest         Summ/Tloc      ###.......   7%          5    ####...
r - Regeneration          Chrm/Necr      ##........   2%          3    None


Dungeon Overview and Level Annotations

Branches:
Dungeon (15/15)            Temple (1/1) D:5            Lair (8/8) D:10
 Shoals (4/4) Lair:3       Spider (4/4) Lair:6        Slime (0/6) Lair:6
    Orc (2/2) D:12            Elf (0/3) Orc:2        Depths (0/5) D:15
 Vaults: D:13-14

Altars:
Ashenzari
Cheibriados
Dithmenos
Elyvilon
Fedhas
Gozag
Makhleb
Nemelex Xobeh
Okawaru
Qazlal
Sif Muna
Vehumet
Xom
Yredelemnul
Zin
The Shining One

Shops:
D:6 =   D:7 =   Orc:2 *[=(!   Shoals:2 }

Annotations:
D:10 exclusion: 2 doors
Lair:1 exclusion: hydra
Lair:2 Fannar


Innate Abilities, Weirdness & Mutations

You cannot wear most types of armour.
You are amphibious.
You can wear up to eight rings at the same time.
You can use your tentacles to constrict eight enemies at once.
Your skin changes colour to match your surroundings (Stealth).
Your rubbery body absorbs attacks (AC +1).
You have supernaturally acute eyesight.
You tend to lose your temper in combat.
You have a considerably increased reservoir of magic (+20% MP).
Your natural rate of healing is unusually fast.
You are robust (+10% HP).
Your spells are easier to cast, but less powerful.


Message History

Floosh!
The wave splashes down.
The merfolk impaler closely misses you. The siren misses you.
Jolted by the loud noise, you snap out of your terror!
You are no longer terrified.
Found a short sword.
Unknown command.
You batter the merfolk impaler!!
You kill the merfolk impaler!
Cheibriados appreciates the change of pace.
The merfolk impaler hits you from afar with a trident of piercing!!
* * * LOW HITPOINT WARNING * * *
x2 You block the griffon's attack.
The griffon pecks you but does no damage.
The griffon completely misses you. The faun hits you with a spear!
* * * LOW HITPOINT WARNING * * *
The merfolk hits you from afar with a trident of distortion!
* * * LOW HITPOINT WARNING * * *
Space warps horribly around you!
You die...

,,,,,,*,,,,,,,,,≈≈≈≈≈≈≈≈≈≈≈*
.≈≈.≈.........≈≈≈≈≈≈≈≈≈≈≈≈≈*
.≈≈≈..≈........≈≈≈≈≈≈(≈≈≈≈≈*
.≈...........,≈≈≈≈≈≈≈≈≈≈≈≈≈*
...,...≈≈≈≈≈,,,≈≈≈≈≈≈≈≈≈≈≈≈*
..#*#.≈≈≈≈####*cc≈≈≈≈≈≈≈≈≈≈*
..# #..≈≈##≈≈≈##mm≈≈≈≈≈≈≈≈≈*
..###..≈≈#≈≈≈)≈#Hc≈≈≈≈≈≈≈≈≈*
≈.((.(}..#≈≈φ≈m)@)≈≈≈≈≈≈≈≈≈*
≈.....(((#≈≈≈≈)#(≈≈≈≈≈≈≈≈≈≈*
≈........##≈≈≈##≈)≈≈≈≈≈≈≈≈≈*
≈..≈.###..#####≈m≈≈≈≈≈≈≈≈≈≈*
≈≈≈≈.####..≈≈≈≈≈≈(≈≈≈≈≈≈≈≈≈*
≈≈≈≈...#...≈≈≈≈≈(≈≈≈≈≈≈≈≈≈≈*
≈≈≈≈......≈≈≈≈≈≈≈≈≈(≈≈≈≈≈≈≈*
≈≈≈≈≈....≈≈≈≈≈≈≈≈≈≈≈≈≈(≈≈≈≈*
.≈≈≈≈.≈≈≈≈≈≈≈≈≈≈≈≈≈≈≈≈≈≈≈≈≈*


You could see a merfolk impaler, a griffon, a satyr, a merfolk aquamancer, a
merfolk, 2 fauns and a siren.

Vanquished Creatures
  Arachne (Spider:2)
  Ilsuiw (Shoals:4)
  The ghost of inmateoo the Bludgeoner, a journeyman OgGl of Okawaru (D:15)
  5 emperor scorpions
  8 ghost moths
  2 orc warlords (Orc:2)
  A spark wasp (Spider:4)
  Nessos (Lair:6)
  6 merfolk javelineers
  7 merfolk impalers
  A fire dragon (Lair:8)
  A minotaur (Lab)
  An ice dragon (Lair:5)
  2 entropy weavers
  7 hydras
  An ogre mage (Orc:1)
  A catoblepas (Lair:7)
  4 merfolk avatars (Shoals:4)
  An alligator snapping turtle (Shoals:4)
  A tengu warrior (D:13)
  3 merfolk aquamancers
  A queen ant (Lair:6)
  2 orc high priests (Orc:2)
  Urug (D:10)
  An unseen horror (shapeshifter) (D:14)
  A giant orange brain (D:15)
  6 sea snakes
  4 hill giants
  4 orc knights
  An orange crystal statue (D:7)
  12 orb spiders
  5 orc sorcerers (Orc:2)
  9 harpies
  5 manticores
  An oklob plant (Lair:5)
  14 wolf spiders
  3 hornets
  A deep elf mage (D:13)
  3 ugly things (D:15)
  5 griffons
  3 sirens
  A moth of wrath (Spider:4)
  2 centaur zombies
  An elephant (shapeshifter) (D:15)
  2 black mambas
  9 elephants
  3 torpor snails
  2 water nymphs (Shoals:4)
  3 gargoyles
  6 spiny frogs
  3 rime drakes
  5 komodo dragons
  A kobold demonologist (D:13)
  6 demonic crawlers
  15 merfolk
  A spriggan druid (Lair:8)
  8 trolls
  4 polar bears (Lair:8)
  A two-headed ogre (Orc:1)
  A tengu conjurer (D:15)
  A jumping spider (shapeshifter) (D:15)
  18 jumping spiders
  8 slime creatures (D:15)
  2 snapping turtles (Shoals:4)
  7 wind drakes
  7 blink frogs
  A water elemental (Shoals:4)
  11 air elementals (D:12)
  33 redbacks
  17 tarantellas
  12 spriggans
  4 wyverns
  38 yaks
  A hungry ghost (D:11)
  A vampire (D:14)
  13 hippogriffs
  A vampire mosquito (D:14)
  8 basilisks
  17 insubstantial wisps (D:12)
  6 wargs
  A hell hound (Lair:8)
  10 soldier ants
  Duvessa (D:7)
  4 porcupines
  12 water moccasins
  6 sky beasts
  32 orc warriors
  7 wasps
  An ice beast (D:6)
  7 black bears
  2 eyes of draining
  20 ogres
  20 wolves
  11 centaurs
  8 crocodiles
  7 big kobolds
  13 giant frogs
  A gnoll sergeant (D:12)
  Dowan (D:7)
  2 wyvern skeletons
  2 scorpions
  4 wights
  An electric eel (D:7)
  A howler monkey (D:6)
  4 lava snakes (Lab)
  2 quasits
  3 hounds
  2 crimson imps
  3 giant frog skeletons
  15 orc priests
  A giant frog zombie (D:5)
  A centaur skeleton (D:7)
  6 iguanas
  22 orc wizards
  25 worker ants
  17 sheep
  A hound skeleton (D:11)
  8 adders
  A howler monkey skeleton (D:9)
  2 gnolls (D:12)
  20 river rats
  A shadow imp (D:6)
  3 white imps (Lair:5)
  An ooze (D:1)
  A worm (D:3)
  A ball lightning (D:12)
  4 giant geckos
  63 orcs
  A ball python (D:7)
  7 bats
  A giant cockroach (D:3)
  5 goblins
  A hobgoblin (D:1)
  3 quokkas
  A ball python skeleton (D:4)
  2 giant newts
  15 kobolds
  6 rats
  A plant (Lair:8)
842 creatures vanquished.

Vanquished Creatures (collateral kills)
  A spark wasp (Spider:3)
  A merfolk javelineer (Shoals:4)
  A merfolk impaler (Shoals:4)
  3 hydras
  3 death yaks (Lair:7)
  An orc high priest (Orc:2)
  A sea snake (Shoals:4)
  5 orb spiders (Spider:4)
  4 wolf spiders (Spider:4)
  An ugly thing (D:15)
  A manticore (D:15)
  2 cyclopes (Shoals:4)
  2 griffons (Lair:8)
  A moth of wrath (Spider:3)
  A siren (Shoals:4)
  A black mamba (Lair:7)
  A water nymph (Shoals:4)
  A torpor snail (Spider:4)
  2 spiny frogs
  2 rime drakes
  A komodo dragon (Lair:7)
  2 demonic crawlers (Spider:4)
  2 jumping spiders (Spider:4)
  3 merfolk (Shoals:4)
  A polar bear (Lair:8)
  A snapping turtle (Shoals:4)
  A spriggan (Lair:7)
  3 tarantellas (Spider:4)
  6 redbacks
  2 wyverns
  3 yaks
  5 hippogriffs
  2 vampire mosquitoes (D:14)
  8 soldier ants (Lair:6)
  3 water moccasins (Lair:8)
  2 porcupines
  An ice beast (D:10)
  A black bear (D:6)
  An orc warrior (Orc:2)
  A phantom (D:7)
  A wasp (Spider:4)
  6 wolves
  A crocodile (Lair:5)
  3 centaurs
  A giant frog (D:14)
  A crimson imp (D:7)
  A giant frog zombie (D:5)
  An orc priest (Orc:2)
  A giant frog skeleton (D:5)
  3 orc wizards (Orc:2)
  17 worker ants
  A sheep (D:10)
  A worker ant zombie (D:11)
  2 river rats (Lair:8)
  2 shadow imps
  5 orcs
  5 bats (D:10)
  2 kobolds
  A quokka (D:9)
  A giant gecko skeleton (D:4)
  A quokka zombie (D:6)
  2 rats (D:10)
  12 fungi
  8 plants
163 creatures vanquished.

Vanquished Creatures (others)
  A wind drake (D:12)
  An orc priest (Orc:2)
  14 ball lightnings (D:12)
  10 fungi
  6 plants
32 creatures vanquished.

Grand Total: 1037 creatures vanquished

Notes
Turn   | Place    | Note
--------------------------------------------------------------
     0 | D:1      | M4edhros the Octopode Necromancer began the quest for the Orb.
     0 | D:1      | Reached XP level 1. HP: 11/11 MP: 3/3
    53 | D:1      | Reached skill level 1 in Unarmed Combat
   101 | D:1      | Reached XP level 2. HP: 7/17 MP: 3/5
   246 | D:3      | Reached skill level 2 in Unarmed Combat
   250 | D:3      | Learned a level 1 spell: Animate Skeleton
   275 | D:3      | Reached XP level 3. HP: 14/21 MP: 1/6
   284 | D:3      | Learned a level 3 spell: Regeneration
   411 | D:3      | Reached skill level 3 in Unarmed Combat
   494 | D:4      | Reached XP level 4. HP: 22/27 MP: 4/7
   627 | D:4      | Reached skill level 4 in Unarmed Combat
   638 | D:4      | Reached XP level 5. HP: 8/31 MP: 8/8
   643 | D:4      | Got a heavily runed zirconium amulet
   644 | D:4      | Identified the amulet of Karien {Inacc Dex+2} (You found it on level 4 of the Dungeon)
   664 | D:4      | Noticed an ogre
   891 | D:4      | Killed an ogre
   891 | D:4      | Reached skill level 5 in Unarmed Combat
  1005 | D:5      | Entered Level 5 of the Dungeon
  1009 | D:5      | got ok rings till now, 26 mana
  1040 | D:5      | Reached XP level 6. HP: 30/36 MP: 9/9
  1041 | D:5      | Found a shattered altar of Ashenzari.
  1128 | D:5      | Found a blossoming altar of Fedhas.
  1139 | D:5      | Reached skill level 6 in Unarmed Combat
  1209 | D:5      | Found a staircase to the Ecumenical Temple.
  1235 | D:5      | Reached skill level 7 in Unarmed Combat
  1235 | D:5      | Reached XP level 7. HP: 29/41 MP: 10/10
  1295 | Temple   | Entered the Ecumenical Temple
  1306 | Temple   | Became a worshipper of Cheibriados the Contemplative
  1380 | D:5      | Got a dazzling giant club
  1500 | D:4      | Found a radiant altar of Vehumet.
  1961 | D:5      | Reached skill level 8 in Unarmed Combat
  1971 | D:5      | i forgot im with chei, and was running away from ogre. haha.
  2050 | D:5      | no safe way for the 6 lvl...
  2076 | D:6      | Reached skill level 1 in Fighting
  2076 | D:6      | Reached skill level 1 in Shields
  2087 | D:6      | Reached XP level 8. HP: 46/48 MP: 11/11
  2109 | D:6      | Reached * piety under Cheibriados
  2110 | D:6      | Found a glowing silver altar of Zin.
  2117 | D:6      | Found Fuocepp's Jewellery Shoppe.
  2131 | D:6      | guardian spirit amulet, good for me!
  2131 | D:6      | with 2 rings of magic power, also ring of slay
  2296 | D:6      | Gained mutation: You are clumsy. (Dex -2) [potion of mutation]
  2296 | D:6      | Gained mutation: You have an increased reservoir of magic (+10% MP). [potion of mutation]
  2296 | D:6      | Gained mutation: You have a considerably increased reservoir of magic (+20% MP). [potion of mutation]
  2297 | D:6      | Gained mutation: Your spells are a little easier to cast, but a little less powerful. [potion of mutation]
  2297 | D:6      | Gained mutation: You are dopey. (Int -2) [potion of mutation]
  2370 | D:6      | boom ,wiz
  2429 | D:7      | Noticed Dowan
  2430 | D:7      | Noticed Duvessa
  2443 | D:7      | Killed Duvessa
  2459 | D:7      | Killed Dowan
  2553 | D:7      | Noticed an orange crystal statue
  2616 | D:7      | Reached skill level 9 in Unarmed Combat
  2704 | D:6      | Reached XP level 9. HP: 47/57 MP: 14/14
  2735 | D:6      | Reached ** piety under Cheibriados
  2909 | D:7      | Found Zaaz's Jewellery Emporium.
  3138 | D:9      | Found a shimmering altar of Xom.
  3255 | D:9      | Lost mutation: You are dopey. (Int -2) [potion of mutation]
  3255 | D:9      | Gained mutation: Your natural rate of healing is unusually fast. [potion of mutation]
  3255 | D:9      | Gained mutation: Your spells are easier to cast, but less powerful. [potion of mutation]
  3256 | D:9      | lol. heal more quickly mut
  3256 | D:9      | and spells easier to cast but less powerful: aka faster statue form
  3296 | D:9      | Reached *** piety under Cheibriados
  3307 | D:10     | Entered Level 10 of the Dungeon
  3342 | D:10     | wand of para, good
  3374 | D:10     | Noticed a gargoyle
  3385 | D:10     | Killed a gargoyle
  3385 | D:10     | Reached skill level 5 in Fighting
  3385 | D:10     | Reached skill level 5 in Dodging
  3415 | D:10     | Reached skill level 5 in Shields
  3482 | D:10     | Reached XP level 10. HP: 30/66 MP: 15/15
  3544 | D:10     | Reached skill level 10 in Unarmed Combat
  3580 | D:10     | Noticed a three-headed hydra
  3667 | D:10     | Learned a level 4 spell: Animate Dead
  3807 | D:10     | Noticed Urug
  3808 | D:10     | Reached **** piety under Cheibriados
  3833 | D:10     | Killed Urug
  3892 | D:10     | Found a staircase to the Lair.
  3903 | Lair:1   | Entered Level 1 of the Lair of Beasts
  3971 | Lair:1   | Gained mutation: You have a greatly increased reservoir of magic (+30% MP). [potion of mutation]
  3971 | Lair:1   | Lost mutation: You have a greatly increased reservoir of magic (+30% MP). [potion of mutation]
  3972 | Lair:1   | Gained mutation: You have supernaturally acute eyesight. [potion of mutation]
  3972 | Lair:1   | Gained mutation: You are partially covered in rough black scales (AC +4, Dex -1). [potion of mutation]
  3972 | Lair:1   | Lost mutation: You are clumsy. (Dex -2) [potion of mutation]
  3973 | Lair:1   | VERY good mutations till this moment
  4053 | Lair:1   | Noticed an eight-headed hydra
  4156 | Lair:2   | Noticed a spiny frog
  4173 | Lair:2   | Killed a spiny frog
  4173 | Lair:2   | Reached ***** piety under Cheibriados
  4173 | Lair:2   | Reached skill level 1 in Invocations
  4173 | Lair:2   | Reached XP level 11. HP: 70/75 MP: 16/16
  4179 | Lair:2   | Noticed an eight-headed hydra
  4190 | Lair:2   | Killed an eight-headed hydra
  4201 | Lair:2   | first hydra dead
  4350 | Lair:2   | Reached skill level 5 in Invocations
  4401 | Lair:2   | Noticed Fannar
  4551 | Lair:2   | Identified a scroll of acquirement
  4552 | Lair:2   | Got a bloodstained hat
  4563 | Lair:2   | Identified the +2 hat "Gurghi Vipt" {rF++ MP+9 Str-3 Stlth+} (You acquired it on level 2 of the Lair of Beasts)
  4563 | Lair:2   | niceeee, hat of 2rf 9mp -3str stlth+
  4563 | Lair:2   | pretty fine
  4689 | Lair:2   | Noticed a five-headed hydra
  4710 | Lair:3   | Reached skill level 5 in Evocations
  5026 | Lair:5   | Noticed a five-headed hydra
  5052 | Lair:5   | nice, robe of night, too bad cant wear
  5061 | Lair:5   | Noticed an ice dragon
  5061 | Lair:5   | fuck dragon ice.
  5076 | Lair:5   | Killed an ice dragon
  5080 | Lair:5   | boom, paralyzed and killed.
  5141 | Lair:5   | Killed a five-headed hydra
  5216 | Lair:6   | Reached XP level 12. HP: 81/81 MP: 21/21
  5265 | Lair:6   | Noticed a seven-headed hydra
  5269 | Lair:6   | Found a labyrinth entrance.
  5274 | Lair:6   | Noticed Nessos
  5295 | Lair:6   | Killed Nessos
  5295 | Lair:6   | Reached skill level 11 in Unarmed Combat
  5310 | Lair:6   | Killed a seven-headed hydra
  5312 | Lab      | Entered a labyrinth
  6606 | Lab      | Noticed a minotaur
  6617 | Lab      | Killed a minotaur
  6665 | Lab      | Learned a level 1 spell: Apportation
  6668 | Lab      | Learned a level 2 spell: Shroud of Golubria
  6670 | Lab      | Learned a level 1 spell: Infusion
  6673 | Lab      | Learned a level 2 spell: Song of Slaying
  6708 | Lair:6   | Noticed a queen ant
  6774 | Lair:6   | Killed a queen ant
  6774 | Lair:6   | Reached skill level 10 in Dodging
  6792 | Lair:6   | Reached ****** piety under Cheibriados
  7059 | Lair:7   | Reached skill level 12 in Unarmed Combat
  7082 | Lair:7   | Noticed a four-headed hydra
  7094 | Lair:7   | Killed a four-headed hydra
  7094 | Lair:7   | Reached XP level 13. HP: 49/90 MP: 23/23
  7220 | Lair:7   | Reached skill level 10 in Fighting
  7278 | Lair:8   | Entered Level 8 of the Lair of Beasts
  7582 | Lair:8   | Reached skill level 13 in Unarmed Combat
  7974 | Lair:8   | Reached XP level 14. HP: 101/101 MP: 24/24
  8004 | Lair:8   | Reached skill level 14 in Unarmed Combat
  8887 | D:12     | Found a staircase to the Orcish Mines.
  8916 | Orc:1    | Entered Level 1 of the Orcish Mines
  8973 | Orc:2    | Entered Level 2 of the Orcish Mines
  8973 | Orc:2    | Found a staircase to the Elven Halls.
  8978 | Orc:2    | Found Daga Bowasee's Distillery.
  9010 | Orc:2    | Bought a potion of heal wounds for 50 gold pieces
  9010 | Orc:2    | Bought a potion of invisibility for 80 gold pieces
  9010 | Orc:2    | Bought a potion of lignification for 30 gold pieces
  9182 | Orc:2    | Noticed an orc warlord
  9194 | Orc:2    | Killed an orc warlord
  9213 | Orc:2    | Noticed an orc warlord
  9229 | Orc:2    | Killed an orc warlord
  9229 | Orc:2    | Reached skill level 15 in Unarmed Combat
  9277 | Orc:2    | Reached XP level 15. HP: 81/108 MP: 22/25
  9373 | Orc:2    | Found Awevatur's Antique Armour Shop.
  9374 | Orc:2    | Found Ohyfacil's Antique Weapon Boutique.
  9378 | Orc:2    | Found Hitruirr's General Store.
  9378 | Orc:2    | Found Cianal's Jewellery Shop.
  9383 | Orc:2    | Paralysed by an orc sorcerer for 2 turns
  9411 | Orc:2    | Bought a scroll of identify for 30 gold pieces
  9649 | D:6      | Bought a +4 ring of slaying for 780 gold pieces
  9649 | D:6      | Bought a cursed amulet of guardian spirit for 270 gold pieces
 10562 | D:13     | few randarts already
 10879 | D:13     | Gained mutation: You tend to lose your temper in combat. [mutagenic meat]
 10882 | D:13     | Gained mutation: You are robust (+10% HP). [mutagenic meat]
 11099 | D:15     | Entered Level 15 of the Dungeon
 11143 | D:15     | Reached skill level 16 in Unarmed Combat
 11161 | D:15     | Noticed inmateoo's ghost (journeyman OgGl)
 11179 | D:15     | Killed inmateoo's ghost
 11305 | D:15     | Found a staircase to the Depths.
 11679 | D:7      | Learned a level 3 spell: Mephitic Cloud
 11799 | Lair:3   | Found a staircase to the Shoals.
 12243 | Lair:6   | Found a hole to the Spider Nest.
 12258 | Spider:1 | Entered Level 1 of the Spider Nest
 12293 | Spider:1 | You fall through a shaft!
 12381 | Spider:4 | Entered Level 4 of the Spider Nest
 12397 | Spider:4 | Reached XP level 16. HP: 48/128 MP: 7/26
 12569 | Spider:4 | Reached skill level 17 in Unarmed Combat
 12660 | Spider:4 | Reached skill level 5 in Spellcasting
 12681 | Spider:4 | Lost mutation: You are partially covered in rough black scales (AC +4, Dex -1). [mutagenic meat]
 12753 | Spider:4 | Got a gossamer rune of Zot
 12797 | Spider:4 | Identified Ynumuul's Catalogue of Necromancy and Calling (You found it on level 4 of the Spider Nest)
 13178 | Spider:2 | Noticed Arachne
 13190 | Spider:2 | Killed Arachne
 13190 | Spider:2 | Reached XP level 17. HP: 87/135 MP: 20/32
 13493 | Lair:6   | Found a staircase to the Slime Pits.
 13556 | Lair:3   | Learned a level 2 spell: Repel Missiles
 13561 | Lair:3   | Learned a level 4 spell: Passage of Golubria
 13567 | Lair:3   | Learned a level 5 spell: Summon Forest
 13584 | Shoals:1 | Entered Level 1 of the Shoals
 13766 | Shoals:2 | Found Vieck's Gadget Emporium.
 13851 | Shoals:4 | Entered Level 4 of the Shoals
 13858 | Shoals:4 | Reached skill level 1 in Summonings
 13933 | Shoals:4 | Reached skill level 1 in Translocations
 14115 | Shoals:4 | Noticed Ilsuiw
 14156 | Shoals:4 | Killed Ilsuiw
 14405 | Shoals:4 | HP: 10/204 [faun/spear[a satyr] (16)]
 14405 | Shoals:4 | HP: 3/204 [merfolk/trident of distortion (7)]
 14405 | Shoals:4 | Demolished by a merfolk

Skill      XL: |  1  2  3  4  5  6  7  8  9 10 11 12 13 14 15 16 17 |
---------------+----------------------------------------------------+-----
Unarmed Combat | 1 2 3 4 5 7 8 9 10 12 13 15 16 17 | 17.7
Fighting       | 1 3 5 7 9 11 12 13 | 13.7
Shields        | 1 3 5 6 |  6.2
Dodging        | 3 6 8 10 12 13 14 | 14.9
Invocations    | 1 5 |  5.7
Evocations     | 8 9 |  9.8
Spellcasting   | 3 6 7 |  7.5
Summonings     | 4 |  4.6
Translocations | 4 |  4.3
Stealth        | |  2.6
Necromancy     | |  4.0

Action                   |  1- 3 |  4- 6 |  7- 9 | 10-12 | 13-15 | 16-18 || total
-------------------------+-------+-------+-------+-------+-------+-------++-------
Melee: Spear             |    23 |       |       |       |       |       ||    23
       Constrict         |     7 |    14 |    44 |    83 |   156 |    84 ||   388
       Tentacles         |     3 |    10 |    42 |   179 |   366 |   153 ||   753
       Unarmed           |     9 |    52 |   240 |   453 |   929 |   388 ||  2071
       Punch             |       |     3 |    22 |    69 |   200 |   125 ||   419
       Dagger            |       |       |     3 |       |       |       ||     3
 Fire: Blowgun           |     6 |    31 |     5 |       |       |       ||    42
       Hand crossbow     |       |       |     3 |       |       |       ||     3
 Cast: Pain              |    19 |     7 |       |       |       |       ||    26
       Animate Skeleton  |     2 |     5 |    17 |    19 |     7 |     6 ||    56
       Regeneration      |     3 |    20 |    53 |    41 |    44 |    53 ||   214
       Animate Dead      |       |       |       |    19 |    33 |    22 ||    74
       Shroud of Golubri |       |       |       |     1 |     1 |     1 ||     3
       Infusion          |       |       |       |     1 |       |       ||     1
       Apportation       |       |       |       |       |     2 |       ||     2
       Mephitic Cloud    |       |       |       |       |       |     4 ||     4
Invok: Temporal Distorti |       |       |     2 |       |       |       ||     2
       Slouch            |       |       |       |     3 |    28 |    17 ||    48
Evoke: Wand              |       |       |     3 |    25 |    14 |    16 ||    58
       Rod               |       |       |       |       |     3 |     6 ||     9
  Use: Potion            |     1 |     1 |     8 |     5 |     3 |     8 ||    26
       Scroll            |     3 |     2 |     3 |    14 |     6 |     7 ||    35
 Stab: Sleeping          |     2 |     1 |     8 |    15 |    27 |    16 ||    69
       Paralysed         |       |       |     3 |    26 |       |    10 ||    39
       Distracted        |       |       |     1 |     3 |    18 |    11 ||    33
       Confused          |       |       |       |       |     1 |     8 ||     9
       Petrified         |       |       |       |       |     1 |       ||     1
       Invisible         |       |       |       |       |       |    12 ||    12
  Eat: Chunk             |       |     2 |     3 |    11 |    30 |    12 ||    58
       Bread ration      |       |     1 |     2 |     2 |       |       ||     5
       Pizza             |       |       |       |       |     2 |       ||     2
       Beef jerky        |       |       |       |       |     1 |       ||     1
Armor: Skin              |     8 |     5 |    38 |    33 |    83 |    28 ||   195
Dodge: Dodged            |    19 |    35 |   152 |   346 |   845 |   521 ||  1918
Block: Buckler           |       |       |    35 |   148 |   322 |   211 ||   716
